 Dungeon Crawl Stone Soup version 0.22.0-6-g71bd7aa (webtiles) character file.

4680 MrElk the Cleaver (level 10, -1/90 HPs)
             Began as a Minotaur Berserker on Aug 14, 2018.
             Was an Elder of Trog.
             Slain by Joseph
             ... wielding a +3 quarterstaff of draining
              (5 damage)
             ... on level 8 of the Dungeon.
             The game lasted 00:19:27 (7880 turns).

MrElk the Cleaver (Minotaur Berserker)              Turns: 7880, Time: 00:19:28

Health: -1/90      AC: 16    Str: 28    XL:     10   Next: 21%
Magic:  9/9        EV:  8    Int:  4    God:    Trog [****..]
Gold:   234        SH:  0    Dex: 10    Spells: 9/9 levels left

rFire    . . .     SeeInvis .   b - +0 hand axe
rCold    . . .     Gourm    .   (no shield)
rNeg     . . .     Faith    .   t - +0 plate armour
rPois    .         Spirit   .   (helmet restricted)
rElec    .         Reflect  .   g - +1 cloak
rCorr    .         Harm     .   o - +0 pair of gloves {Str+3}
MR       .....                  (no boots)
Stlth    ..........             p - amulet of rage
HPRegen  0.25/turn              m - ring of stealth
MPRegen  0.11/turn              (no ring)

@: berserk cooldown, hasted and slowed, heavily drained
A: retaliatory headbutt, horns 2
a: Berserk, Trog's Hand, Brothers in Arms, Renounce Religion, Evoke Berserk Rage


You were on level 8 of the Dungeon.
You worshipped Trog.
Trog was greatly pleased with you.
You were not hungry.

You visited 1 branch of the dungeon, and saw 8 of its levels.
You visited the Abyss 1 time.

You collected 384 gold pieces.
You spent 150 gold pieces at shops.

Inventory:

Hand Weapons
 b - a +0 hand axe (weapon)
Missiles
 e - 69 arrows
Armour
 g - a +1 cloak (worn)
 o - a +0 pair of gloves of strength (worn)
 t - a +0 plate armour (worn)
Jewellery
 m - a ring of stealth (left hand)
 p - an amulet of rage (around neck)
Wands
 s - a wand of polymorph (16)
 u - a wand of digging (8)
Scrolls
 i - 2 scrolls of teleportation
 l - 4 scrolls of identify
 r - a scroll of fog
Potions
 d - 3 potions of lignification
 f - a potion of heal wounds {unknown}
 n - a potion of might
 q - a potion of berserk rage {unknown}
Comestibles
 c - 6 rations


   Skills:
 * Level 8.8(7.1) Fighting
 + Level 10.2(8.4) Axes
   Level 8.1(6.4) Bows
 + Level 8.7(7.0) Armour
 + Level 4.2(2.7) Dodging


You had 9 spell levels left.
You didn't know any spells.
Your spell library was empty.

Dungeon Overview and Level Annotations

Branches:
Dungeon (8/15)             Temple (0/1) D:7
   Lair: D:8-11

Altars:
Ashenzari
Dithmenos
Elyvilon
Fedhas
Hepliaklqana
Nemelex Xobeh
Sif Muna
Trog
Uskayaw
Wu Jian

Shops:
D:4 [

Annotations:
D:8 Joseph


Innate Abilities, Weirdness & Mutations

You reflexively headbutt those who attack you in melee.
You have a pair of horns on your head.


Message History

* * * LOW HITPOINT WARNING * * *
Joseph hits you but does no damage.
You feel drained. The wyvern zombie bites you.
* * * LOW HITPOINT WARNING * * *
You hit the wyvern zombie.
You destroy the wyvern zombie!
Trog accepts your kill.
You hit Joseph.
Joseph hits you with an uncursed quarterstaff of draining!
* * * LOW HITPOINT WARNING * * *
You feel drained.
* * * LOW HITPOINT WARNING * * *
Your plate armour prevents you from hitting Joseph.
You headbutt Joseph!
Joseph is moderately wounded.
Joseph hits you but does no damage.
You feel drained.
You hit Joseph but do no damage.
Joseph is moderately wounded.
Joseph hits you with an uncursed quarterstaff of draining.
You die...

###.........####
##..........^....
.....#..#............#..#
...>.#..#.#.###.....##.##
.......#[§.....##....## #
..(......#.#....#.##.##.
........................#
....(....###.###.........
..........@@.......#.....
.......#...).............
.......)(....#######.....
......).(....# ...##
.....(.†.((..# #.#
.........##### ..
##....#... #........#.
#.#.###..#..


You could see Joseph.

Vanquished Creatures
  2 two-headed ogres
  Maurice (D:8)
  Psyche (D:7)
  Grinder (D:6)
  A hippogriff (D:8)
  Sigmund (D:4)
  A steam dragon (D:7)
  Duvessa (D:6)
  2 black bears (D:8)
  A phantom (D:8)
  A necrophage (D:7)
  2 orc warriors
  An ogre (D:7)
  2 centaurs
  A crocodile (D:8)
  Dowan (D:6)
  A wyvern zombie (D:8)
  A small abomination (Abyss:2)
  A scorpion (D:5)
  3 crimson imps
  2 centaur zombies
  A bullfrog zombie (D:7)
  3 orc priests
  2 hounds (D:6)
  3 orc wizards
  A centaur skeleton (D:4)
  2 iguanas
  Jessica (D:2)
  9 worker ants
  A howler monkey skeleton (D:4)
  6 adders
  7 gnolls (D:3)
  4 oozes
  An adder zombie (D:7)
  An adder skeleton (D:5)
  2 worms
  A leopard gecko (D:2)
  13 orcs
  A giant cockroach (D:7)
  8 goblins
  6 hobgoblins
  11 jackals
  2 quokkas
  2 ball pythons (D:3)
  8 bats
  5 frilled lizards
  9 kobolds
  A leopard gecko skeleton (D:5)
  9 rats
148 creatures vanquished.

Notes
Turn   | Place    | Note
-------+----------+-------------------------------------------
     0 | D:1      | MrElk the Minotaur Berserker began the quest for the Orb.
     0 | D:1      | Reached XP level 1. HP: 19/19 MP: 0/0
   202 | D:1      | Reached XP level 2. HP: 20/27 MP: 1/1
   320 | D:1      | Reached skill level 4 in Axes
   779 | D:2      | Reached XP level 3. HP: 33/33 MP: 2/2
   827 | D:2      | Reached ** piety under Trog
   833 | D:2      | Noticed Jessica
   843 | D:2      | Killed Jessica
   858 | D:2      | Reached XP level 4. HP: 26/41 MP: 3/3
  1194 | D:2      | Reached skill level 5 in Axes
  1570 | D:3      | Found an ornate altar of the Wu Jian Council.
  1583 | D:3      | Found a hide-covered altar of Uskayaw.
  1585 | D:3      | Found a bloodstained altar of Trog.
  1587 | D:3      | Found a shadowy altar of Dithmenos.
  1587 | D:3      | Found a white marble altar of Elyvilon.
  1741 | D:3      | Reached XP level 5. HP: 28/47 MP: 4/4
  1782 | D:3      | Reached skill level 5 in Fighting
  2113 | D:3      | Reached skill level 6 in Axes
  2457 | D:4      | Reached XP level 6. HP: 53/56 MP: 5/5
  2537 | D:4      | Found a hazy altar of Hepliaklqana.
  2541 | D:4      | Noticed Sigmund
  2549 | D:4      | Killed Sigmund
  2699 | D:4      | You fall through a shaft for 2 floors!
  2704 | D:5      | Entered Level 5 of the Dungeon
  2723 | D:5      | Found a blossoming altar of Fedhas.
  2739 | D:5      | Reached XP level 7. HP: 52/61 MP: 6/6
  2756 | D:5      | Reached skill level 7 in Axes
  2756 | D:5      | Reached skill level 5 in Armour
  2874 | D:4      | Found Ojunkeustu's Antique Armour Boutique.
  2887 | D:4      | Bought a pair of glowing gloves for 150 gold pieces
  3290 | D:4      | Found a sparkling altar of Nemelex Xobeh.
  3777 | D:5      | Reached *** piety under Trog
  4120 | D:6      | Noticed a two-headed ogre
  4284 | D:6      | Reached skill level 1 in Bows
  4370 | D:6      | Reached XP level 8. HP: 58/71 MP: 7/7
  4518 | D:6      | Noticed Dowan
  4520 | D:6      | Noticed Duvessa
  4527 | D:6      | Killed Duvessa
  4528 | D:6      | Reached skill level 8 in Axes
  4533 | D:6      | Killed Dowan
  4579 | D:6      | Found a deep blue altar of Sif Muna.
  4581 | D:6      | Noticed Grinder
  4693 | D:5      | Killed a two-headed ogre
  4693 | D:5      | Reached skill level 5 in Bows
  4877 | D:6      | Paralysed by Grinder for 6 turns
  4885 | D:6      | Killed Grinder
  4885 | D:6      | Reached XP level 9. HP: 79/79 MP: 8/8
  5567 | D:7      | Found a staircase to the Ecumenical Temple.
  5652 | D:7      | Reached skill level 9 in Axes
  5709 | D:7      | Found a shattered altar of Ashenzari.
  6340 | D:8      | Reached **** piety under Trog
  6341 | D:8      | Noticed Psyche
  6342 | D:8      | Noticed a two-headed ogre
  6636 | D:7      | Found a shattered altar of Ashenzari.
  7013 | D:7      | Found a staircase to the Ecumenical Temple.
  7321 | D:7      | Cast into level 2 of the Abyss (Psyche)
  7348 | Abyss:2  | Noticed a thrashing horror
  7352 | Abyss:2  | Noticed a glowing orange brain
  7353 | D:7      | Escaped the Abyss
  7364 | D:7      | Killed Psyche
  7797 | D:8      | Killed a two-headed ogre
  7797 | D:8      | Reached XP level 10. HP: 90/90 MP: 9/9
  7843 | D:8      | Noticed Maurice
  7852 | D:8      | Reached skill level 10 in Axes
  7855 | D:8      | Noticed Joseph
  7875 | D:8      | Killed Maurice
  7878 | D:8      | HP: 3/90 [Joseph/uncursed quarterstaff of draining (4)]
  7880 | D:8      | Slain by Joseph

Skill      XL: |  1  2  3  4  5  6  7  8  9 10 |
---------------+-------------------------------+-----
Axes           | 4 5 6 7 8 9 10 | 10.2
Fighting       | 4 5 6 7 8 |  8.8
Armour         | 3 4 5 6 8 |  8.7
Dodging        | 3 4 |  4.2
Bows           | 2 5 8 |  8.1

Action                   |  1- 3 |  4- 6 |  7- 9 | 10-12 || total
-------------------------+-------+-------+-------+-------++-------
Melee: Hand axe          |    60 |   113 |   184 |    34 ||   391
       Headbutt          |    10 |    21 |    50 |    13 ||    94
 Fire: Shortbow          |       |       |    99 |     3 ||   102
Invok: Berserk           |       |     2 |     6 |     1 ||     9
       Trog's Hand       |       |     1 |       |       ||     1
  Use: Scroll            |       |    10 |     1 |       ||    11
       Potion            |       |       |       |     1 ||     1
 Stab: Sleeping          |     1 |       |       |       ||     1
  Eat: Chunk             |       |     8 |    13 |       ||    21
       Ration            |       |       |     2 |     1 ||     3
Armor: Animal skin       |     3 |       |       |       ||     3
       Chain mail        |    33 |    50 |    38 |       ||   121
       Plate armour      |       |       |    97 |    26 ||   123
Dodge: Dodged            |    33 |    48 |    77 |    19 ||   177
